 Dungeon Crawl Stone Soup version 0.30.0-19-g36f170ea60 (webtiles) character file.

Game seed: 8524791729954130023

872 Heoruswealwe the Thaumaturge (level 7, 0/36 HPs)
             Began as a Deep Elf Earth Elementalist on May 31, 2023.
             Slain by a gnoll sergeant
             ... wielding a +0 spear
              (12 damage)
             ... on level 8 of the Dungeon.
             The game lasted 00:52:13 (4469 turns).

Heoruswealwe the Thaumaturge (DEEE)                 Turns: 4469, Time: 00:52:13

Health: 0/36       AC:  3    Str:  5    XL:     7   Next: 74%
Magic:  28/30      EV: 12    Int: 22    God:
Gold:   68         SH:  0    Dex: 15    Spells: 9/23 levels left

rFire   . . .        b - +5 falchion (heavy)
rCold   . . .        (no shield)
rNeg    . . .        c - +0 robe
rPois   .            (no helmet)
rElec   .            h - +0 cloak
rCorr   .            (no gloves)
SInv    .            (no boots)
Will    .....        (no amulet)
Stlth   ++           k - ring of wizardry
HPRegen 0.26/turn    j - ring of magical power
MPRegen 0.22/turn

%: wizardry (x1)
@: no status effects
A: no striking features
a: no special abilities


You were on level 8 of the Dungeon.
You visited 1 branch of the dungeon, and saw 6 of its levels.

You collected 286 gold pieces.
You spent 218 gold pieces at shops.

Inventory:

Hand Weapons
 b - a +5 heavy falchion (weapon)
Armour
 c - a +0 robe (worn)
 h - a +0 cloak (worn)
Jewellery
 j - a ring of magical power (right hand)
 k - a ring of wizardry (left hand)
Wands
 d - a wand of flame (23)
 o - a wand of roots (8)
 s - a wand of charming (8)
Scrolls
 a - 6 scrolls of teleportation
 m - a scroll of enchant armour
 q - a scroll of fog
 t - a scroll of fear
 u - a scroll of enchant weapon
 v - a scroll of poison
Potions
 e - a potion of flight
 f - 2 potions of haste
 g - a potion of heal wounds {unknown}
 i - a potion of might {unknown}
 l - a potion of mutation {unknown}
 n - 2 potions of lignification
 p - a potion of magic
 w - 2 potions of berserk rage {unknown}


   Skills:
 - Level 2.4 Dodging
 - Level 2.4 Stealth
 + Level 8.7 Spellcasting
 - Level 1.1 Transmutations
 + Level 7.6 Earth Magic


You had 9 spell levels left.
You knew the following spells:

 Your Spells              Type           Power      Damage    Failure   Level
a - Sandblast             Erth           86%        2d18      1%          1
b - Stone Arrow           Conj/Erth      52%        3d10      1%          3
c - Petrify               Tmut/Erth      28%        N/A       4%          4
d - Leda's Liquefaction   Hex/Erth       13%        N/A       6%          4
z - Passwall              Tmut/Erth      23%        N/A       1%          2

Your spell library contained the following spells:

 Spells                   Type           Power      Damage    Failure   Level
 Necrotise                Necr           36%        1d5       2%          1
 Summon Small Mammal      Summ           36%        N/A       2%          1
 Call Canine Familiar     Summ           9%         N/A       9%          3
 Portal Projectile        Hex/Tloc       18%        N/A       9%          3
 Summon Guardian Golem    Hex/Summ       9%         N/A       9%          3
 Tukima's Dance           Hex            9%         N/A       9%          3
 Vampiric Draining        Necr           9%         2d6       9%          3
 Blade Hands              Tmut           7%         N/A       43%         5
 Agony                    Necr           9%         N/A       56%         5


Dungeon Overview and Level Annotations

Branches:
Dungeon (5/15)
 Temple: D:4-7

Altars:
Dithmenos
Okawaru
Qazlal
Ru
Trog
Wu Jian

Shops:
D:4 ?   D:5 !

Annotations:
D:4 3 runed translucent doors, Sensen's ghost, amateur FoFi


Message History

You kill the gnoll!
You hear a shout! x2
The blast of sand hits the gnoll!!
You kill the gnoll!
A gnoll sergeant and a gnoll come into view.
The gnoll throws a throwing net.
The throwing net hits you.
You become entangled in the net!
You see here a throwing net.
You struggle against the net.
The gnoll sergeant hits you from afar with a +0 spear!
You struggle against the net.
The gnoll sergeant hits you from afar with a +0 spear.
You rip the net and break free!
The gnoll sergeant hits you from afar with a +0 spear!
You are too injured to fight recklessly!
You feel better. The gnoll barely misses you.
The gnoll sergeant hits you from afar with a +0 spear!
You feel better. The gnoll barely misses you.
The gnoll sergeant hits you from afar with a +0 spear.
Casting: Sandblast (safe; 1% risk of failure)
Confirm with . or Enter, or press ? or * to list all spells.
Aiming: Sandblast (safe; 1% risk of failure)
Press: ? - help, Shift-Dir - straight line, f - gnoll
Aim: a gnoll, wielding a +0 flail and quivering a throwing net (87% to hit)
The blast of sand hits the gnoll!!
You kill the gnoll!
The gnoll sergeant hits you from afar with a +0 spear.
* * * LOW HITPOINT WARNING * * *
Casting: Sandblast (safe; 1% risk of failure)
Confirm with . or Enter, or press ? or * to list all spells.
Aiming: Sandblast (safe; 1% risk of failure)
Press: ? - help, Shift-Dir - straight line, f - gnoll sergeant
Aim: a gnoll sergeant, wielding a +0 spear, wearing a +0 ring mail and wearing a +0 buckler (89% to hit)
The gnoll sergeant blocks the blast of sand.
The gnoll sergeant closely misses you.
The gnoll sergeant hits you from afar with a +0 spear.
* * * LOW HITPOINT WARNING * * *
You feel better.
The gnoll sergeant hits you from afar with a +0 spear!
You die...

### .# #...###
..####..)#.#
.......g).# .. #..
#@# #.# #.#####.#
. #.# #...#...# ..
#.#####.#...###
..##.#...........#
.#.....####......#
.................#
#.............#
##.#############


You could see a gnoll sergeant.

Vanquished Creatures
  Eustachio (D:4)
  A black bear (D:5)
  An orc warrior (D:5)
  A centaur (D:5)
  A phantom (D:5)
  A scorpion (D:4)
  A howler monkey (D:5)
  A hound (D:4)
  2 orc priests (D:5)
  4 gnolls
  6 adders
  A white imp (D:5)
  An ufetubus (D:5)
  3 worms
  11 orcs (D:5)
  11 endoplasms
  4 giant cockroaches
  6 goblins
  5 hobgoblins
  4 jackals (D:2)
  6 quokkas
  5 ball pythons
  6 bats
  7 frilled lizards
  5 kobolds
  2 rats
97 creatures vanquished.

Notes
Turn   | Place    | Note
-------+----------+-------------------------------------------
     0 | D:1      | Heoruswealwe the Deep Elf Earth Elementalist began the
                  | quest for the Orb.
     0 | D:1      | Reached XP level 1. HP: 10/10 MP: 6/6
   274 | D:1      | Reached XP level 2. HP: 15/15 MP: 4/8
   277 | D:1      | Learned a level 2 spell: Passwall
   298 | D:1      | Found a faded altar of an unknown god.
   739 | D:1      | Reached skill level 4 in Spellcasting
   739 | D:1      | Reached XP level 3. HP: 19/19 MP: 6/10
   743 | D:1      | Learned a level 3 spell: Stone Arrow
  1126 | D:2      | Found a sacrificial altar of Ru.
  1402 | D:2      | Reached XP level 4. HP: 24/24 MP: 10/12
  1408 | D:2      | Learned a level 4 spell: Petrify
  1910 | D:1      | You fall into a shaft and drop 1 floor!
  2084 | D:3      | Reached skill level 5 in Spellcasting
  2186 | D:3      | Found a shadowy altar of Dithmenos.
  2617 | D:4      | Noticed a scorpion
  2624 | D:4      | Killed a scorpion
  2625 | D:4      | Reached skill level 5 in Earth Magic
  2625 | D:4      | Reached XP level 5. HP: 13/28 MP: 15/15
  2630 | D:4      | Learned a level 4 spell: Leda's Liquefaction
  2888 | D:4      | Reached skill level 6 in Spellcasting
  3045 | D:4      | Noticed Eustachio
  3056 | D:4      | Killed Eustachio
  3057 | D:4      | Reached XP level 6. HP: 16/32 MP: 17/17
  3299 | D:4      | Found a runed translucent gate.
  3299 | D:4      | Found a runed translucent gate.
  3299 | D:4      | Found a runed translucent gate.
  3304 | D:4      | Noticed Sensen's ghost (amateur FoFi)
  3348 | D:4      | Found Hedimnak's Magic Scroll Boutique.
  3357 | D:4      | Bought a scroll of fear for 56 gold pieces
  3357 | D:4      | Bought a scroll of identify for 28 gold pieces
  3357 | D:4      | Bought a scroll of identify for 28 gold pieces
  3357 | D:4      | Bought a scroll of identify for 28 gold pieces
  3459 | D:5      | Entered Level 5 of the Dungeon
  3497 | D:5      | Found an ornate altar of the Wu Jian Council.
  3518 | D:5      | Reached skill level 7 in Spellcasting
  3620 | D:5      | Found Foityquw's Distillery.
  3682 | D:5      | Reached XP level 7. HP: 36/36 MP: 20/20
  3775 | D:5      | Bought a potion of curing for 39 gold pieces
  3775 | D:5      | Bought a potion of lignification for 39 gold pieces
  3998 | D:5      | Reached skill level 8 in Spellcasting
  4106 | D:5      | Found an iron altar of Okawaru.
  4107 | D:5      | Found a bloodstained altar of Trog.
  4410 | D:5      | You fall into a shaft and drop 3 floors!
  4422 | D:8      | Found a stormy altar of Qazlal.
  4469 | D:8      | Slain by a gnoll sergeant

Illustrated notes

Levels and vault maps discovered:
D:1:      roderic_octagonal_star, layout_loops_corners,
          hellmonk_ecumenical_altar_arch_garden
D:2:      layout_basic, basic_altar
D:3:      layout_loops_cross, mainiacjoe_overflow_tiny_flanked
D:4:      layout_gridville, serial_shops, nicolae_shop_hallway_stairs,
          gammafunk_ghost_necromancy, kennysheep_cross_room, grunt_ministairs_2,
          uniq_eustachio
D:5:      layout_layer_cave, grunt_temple_overflow_bloody_war,
          nicolae_uskayaw_suspiria, mainiacjoe_overflow_alcove_1, serial_shops,
          nicolae_shop_industrial_runoff, hangedman_decor_push, minivault_27
D:8:      layout_rooms, lemuel_round_altar, nicolae_diode_intersection

Skill      XL: |  1  2  3  4  5  6  7 |
---------------+----------------------+-----
Spellcasting   | 4 5 6 7 8 |  8.7
Earth Magic    | 4 5 6 7 |  7.6
Dodging        | |  2.4
Stealth        | |  2.4
Transmutations | |  1.1

Action                     |  1- 3 |  4- 6 |  7- 9 || total
---------------------------+-------+-------+-------++-------
  Melee: Unarmed           |       |     4 |       ||     4
   Cast: Sandblast         |    56 |    54 |    34 ||   144
         Passwall          |     1 |     2 |       ||     3
    Use: Scroll            |     6 |     7 |       ||    13
         Potion            |       |       |     3 ||     3
 Armour: Robe              |     1 |     4 |       ||     5
  Dodge: Dodged            |     5 |    10 |    12 ||    27
